Map: Triton LE

Players

SKillous

  • Race: Protoss Protoss
  • League: Master
  • Spawn Location: 5:00

TSGNice (Nice) - Winner!

  • Race: Protoss Protoss
  • Spawn Location: 11:00

Event: NationWars 2019

VOD

Have the link to the VOD?

Description

Time

  • Played on: Nov. 16, 2019, 10:35 a.m.
  • Length: 13:17
Show
View Real Time Build Order
Export as new Build Order

SKillous Protoss 

Build Orders:  

Get SALT Encoding   

  12  0:01  Probe  
  13  0:13  Probe  
  14  0:17  Pylon  
  14  0:25  Probe  
  15  0:35  Gateway  
  15  0:37  Probe (Chrono Boost)  
  16  0:47  Probe (Chrono Boost), Assimilator  
  17  0:52  Probe (Chrono Boost)  
  17  0:56  Assimilator  
  18  1:03  Probe (Chrono Boost)  
  19  1:10  Gateway  
  19  1:13  Probe (Chrono Boost)  
  19  1:18  Probe (Chrono Boost)  
  20  1:24  Cybernetics Core  
  21  1:30  Probe  
  22  1:35  Pylon  
  22  1:42  Probe  
  23  1:54  Probe  
  23  2:00  Stalker  
  23  2:01  Sentry  
  28  2:04  Warp Gate  
  28  2:16  Pylon  
  28  2:27  Sentry  
  32  2:39  Sentry  
  32  2:40  Nexus  
  32  2:41  Probe (Chrono Boost)  
  33  2:53  Probe (Chrono Boost)  
  33  2:55  Pylon  
  33  2:58  Probe (Chrono Boost)  
  34  3:08  Probe  
  34  3:09  Robotics Facility  
  35  3:20  Probe (Chrono Boost)  
  36  3:32  Probe (Chrono Boost)  
  37  3:36  Shield Battery  
  37  3:38  Probe (Chrono Boost)  
  38  3:46  Probe  
  39  3:52  Warp Prism (Chrono Boost)  
  39  3:53  Probe  
  40  3:58  Probe  
  40  3:59  Forge  
  43  4:05  Probe (Chrono Boost)  
  44  4:14  Probe (Chrono Boost)  
  46  4:17  Probe (Chrono Boost)  
  48  4:24  Observer, Probe (Chrono Boost)  
  48  4:26  Adept x2, Probe (Chrono Boost)  
  53  4:31  Pylon, Probe  
  53  4:32  Assimilator, Shield Battery  
  53  4:36  Assimilator  
  52  4:39  Probe  
  52  4:43  Probe  
  52  4:44  Protoss Ground Weapons Level 1 (Chrono Boost)  
  52  4:51  Probe (Chrono Boost)  
  52  4:52  Immortal  
  58  5:00  Probe (Chrono Boost)  
  58  5:03  Probe (Chrono Boost)  
  59  5:08  Adept x2  
  59  5:09  Probe (Chrono Boost)  
  59  5:10  Probe (Chrono Boost)  
  65  5:15  Observer  
  65  5:17  Probe  
  65  5:19  Probe  
  67  5:26  Pylon  
  67  5:29  Probe  
  67  5:31  Pylon  
  68  5:41  Gateway  
  68  5:42  Pylon, Gateway  
  68  5:44  Immortal (Chrono Boost)  
  72  6:09  Gateway  
  72  6:11  Gateway  
  72  6:14  Stalker x2  
  76  6:23  Gateway  
  76  6:24  Gateway  
  76  6:27  Pylon  
  76  6:30  Twilight Council  
  74  6:40  Protoss Ground Armor Level 1 (Chrono Boost)  
  74  6:41  Stalker x2  
  78  6:49  Pylon  
  78  6:58  Zealot x2  
  82  7:04  Zealot x2  
  82  7:05  Zealot  
  80  7:18  Pylon  
  80  7:19  Observer  
  80  7:21  Charge  
  80  7:24  Templar Archives, Zealot  
  80  7:25  Pylon, Zealot x5  
  92  7:42  Zealot  
  94  7:45  Zealot x2  
  94  7:46  Zealot x3  
  94  7:48  Pylon  
  94  7:49  Pylon  
  94  7:51  Pylon  
  104  7:52  Zealot  
  106  8:17  High Templar  
  106  8:18  High Templar x6  
  106  8:19  High Templar  
  122  8:21  Nexus  
  122  8:22  Pylon  
  122  8:23  Archon  
  122  8:24  Archon x3  
  122  8:50  High Templar x4  
  122  8:51  Zealot x4  
  138  8:56  Pylon, Archon x2  
  138  8:57  Pylon  
  124  9:13  Zealot x4  
  104  9:23  Zealot x4  
  72  9:33  Probe  
  61  9:40  Probe, High Templar x3  
  61  9:42  Probe  
  69  9:45  High Templar  
  69  9:46  Zealot x3  
  69  9:48  Archon  
  69  9:52  Archon, Shield Battery  
  77  9:53  Probe  
  77  9:54  Shield Battery  
  76  10:01  Probe x2  
  76  10:05  Probe  
  76  10:06  Zealot x3  
  85  10:15  High Templar x2  
  85  10:16  Zealot x2  
  85  10:18  Shield Battery  
  85  10:20  Archon  
  93  10:24  Zealot  
  95  10:29  Zealot x3  
  101  10:42  Zealot x3  
  101  10:55  Zealot  
  101  10:56  Zealot x4  
  102  11:17  High Templar  
  102  11:18  High Templar x3  
  110  11:19  Zealot x4  
  110  11:23  Probe x2 (Chrono Boost)  
  110  11:24  Assimilator, Archon x2  
  110  11:25  Probe (Chrono Boost)  
  121  11:27  Assimilator  
  121  11:32  Observer (Chrono Boost)  
  122  11:35  Probe (Chrono Boost)  
  122  11:36  Probe (Chrono Boost)  
  123  11:41  Probe (Chrono Boost)  
  123  11:46  Zealot x4  
  127  11:50  Zealot x3  
  127  11:51  Zealot  
  99  12:05  Immortal (Chrono Boost)  
  99  12:08  High Templar x2  
  107  12:09  Zealot x2  
  107  12:13  Archon, Zealot x2  
  107  12:14  Zealot x2  
  105  12:24  High Templar  
  105  12:29  High Templar  
  109  12:34  Archon  
  109  12:35  Zealot x4  
  105  12:44  Zealot x2  
  96  12:56  Zealot x5  
Show
View Real Time Build Order
Export as new Build Order

TSGNice Protoss - Winner!

Build Orders: Archon Immortal 

Get SALT Encoding   

  12  0:01  Probe  
  13  0:13  Probe  
  14  0:23  Pylon  
  14  0:25  Probe  
  15  0:41  Probe (Chrono Boost), Gateway  
  16  0:51  Probe (Chrono Boost), Assimilator  
  16  0:55  Assimilator  
  16  0:56  Probe (Chrono Boost)  
  18  1:07  Probe (Chrono Boost)  
  18  1:09  Gateway  
  19  1:15  Probe (Chrono Boost)  
  20  1:21  Probe  
  21  1:29  Cybernetics Core  
  21  1:34  Probe  
  21  1:39  Pylon  
  22  1:46  Probe  
  23  1:58  Probe  
  24  2:05  Stalker, Warp Gate  
  24  2:06  Sentry  
  28  2:13  Probe  
  29  2:16  Pylon  
  29  2:28  Probe  
  30  2:34  Stalker  
  30  2:35  Stalker  
  34  2:51  Nexus  
  34  3:01  Shield Battery  
  34  3:08  Sentry x2  
  38  3:14  Pylon  
  38  3:15  Probe  
  39  3:23  Robotics Facility  
  39  3:32  Probe (Chrono Boost)  
  40  3:44  Probe (Chrono Boost)  
  41  3:48  Forge  
  41  3:50  Probe (Chrono Boost)  
  41  3:54  Adept  
  44  3:55  Adept  
  44  3:58  Probe (Chrono Boost)  
  47  4:03  Probe (Chrono Boost)  
  49  4:10  Probe (Chrono Boost)  
  49  4:13  Probe (Chrono Boost)  
  49  4:15  Probe (Chrono Boost)  
  49  4:16  Warp Prism (Chrono Boost)  
  51  4:21  Probe  
  54  4:24  Probe  
  54  4:28  Protoss Ground Weapons Level 1 (Chrono Boost)  
  55  4:33  Probe  
  55  4:37  Probe  
  55  4:45  Probe  
  55  4:46  Immortal (Chrono Boost)  
  55  4:52  Pylon  
  61  4:59  Stalker  
  62  5:06  Pylon  
  62  5:08  Pylon  
  62  5:10  Probe x2  
  62  5:11  Assimilator  
  64  5:14  Assimilator  
  62  5:22  Probe x2, Immortal (Chrono Boost)  
  62  5:23  Pylon  
  68  5:34  Probe  
  69  5:40  Probe  
  70  5:44  Gateway  
  70  5:45  Gateway  
  70  5:49  Twilight Council  
  70  5:52  Immortal (Chrono Boost)  
  74  5:57  Stalker  
  76  6:09  Stalker  
  77  6:20  Gateway x2  
  77  6:21  Probe, Gateway  
  77  6:25  Gateway  
  78  6:34  Protoss Ground Weapons Level 2 (Chrono Boost)  
  78  6:43  Charge  
  78  6:49  Probe x2  
  78  6:50  Nexus  
  78  6:52  Pylon  
  80  7:01  Probe x2  
  80  7:12  Warp Prism (Chrono Boost)  
  74  7:16  Probe x2  
  74  7:21  Templar Archives  
  76  7:23  Zealot x3  
  76  7:24  Zealot x2  
  86  7:34  Probe x2  
  88  7:51  Immortal  
  88  7:56  Shield Battery  
  88  7:57  Shield Battery x2  
  88  7:58  High Templar x4  
  94  7:59  High Templar  
  94  8:03  High Templar  
  94  8:04  Zealot x2  
  106  8:06  Archon x2  
  106  8:08  Pylon  
  106  8:14  Archon  
  106  8:18  Shield Battery  
  104  8:21  Shield Battery  
  104  8:25  High Templar x2  
  108  8:29  Archon  
  108  8:30  Zealot x2  
  108  8:31  Zealot x3  
  118  8:35  Zealot  
  118  8:37  Warp Prism (Chrono Boost)  
  122  8:52  High Templar  
  124  9:01  High Templar  
  124  9:02  Zealot  
  125  9:04  Pylon  
  125  9:05  Pylon, Archon  
  125  9:08  Shield Battery  
  125  9:11  Observer  
  125  9:12  Zealot  
  125  9:15  Zealot x4  
  98  9:29  Zealot x2  
  94  9:34  Zealot x2  
  88  9:45  Probe x3  
  90  9:49  High Templar  
  90  9:50  High Templar x3  
  90  9:51  Zealot x2  
  103  9:55  Archon x2  
  103  9:57  Probe x3  
  106  10:06  Zealot x2  
  110  10:09  Probe  
  110  10:13  Zealot x2  
  115  10:24  Zealot x4  
  115  10:27  Zealot x3  
  120  10:44  Zealot x4  
  120  10:45  Zealot  
  121  10:52  Zealot x2  
  121  10:54  Phoenix  
  112  11:04  High Templar x2  
  112  11:05  High Templar x3  
  112  11:07  Probe x3  
  112  11:10  Archon x2  
  120  11:16  High Templar  
  122  11:21  Archon  
  122  11:38  Zealot x7  
  110  11:55  Zealot  
  110  11:59  Zealot x5  
  110  12:00  Zealot  
  102  12:19  High Templar x4  
  102  12:20  Zealot x4  
  118  12:23  Archon x2  
  110  12:43  Zealot x5  
  96  12:58  Zealot x2  
  96  12:59  Zealot  
  96  13:03  Zealot x4  
  96  13:04  Zealot  
Tags
 
Composition
Archon Immortal
League
Master
Matchup
PvP
Spawn Locations
Cross Positions
Add a new tag
Caveats
  • Supply blocks, unpowered buildings, or Contaminate may cause inaccurate times.
  • Supply counts are checked every 10 seconds.